 Dungeon Crawl Stone Soup version 0.17-a0-1210-g1e4f09d (webtiles) character file.

196 Zwobot the Covered (level 5, -6/42 HPs)
             Began as a Mummy Wanderer on June 3, 2015.
             Mangled by an iguana (10 damage)
             ... on level 5 of the Dungeon.
             The game lasted 00:08:27 (3661 turns).

Zwobot the Covered (Mummy Wanderer)                 Turns: 3661, Time: 00:08:28

Health: -6/42      AC: 13    Str: 17    XL:     5   Next: 46%
Magic:  14/14      EV:  5    Int:  8    God:
Gold:   171        SH:  0    Dex: 14    Spells: 0 memorised, 4 levels left

rFire  x . .     SeeInvis .     k - +0 mace
rCold  + . .     Clarity  .     q - +0 plate armour (curse)
rNeg   + + +     SustAt   .     (no shield)
rPois  ∞         Gourm    .     (no helmet)
rElec  .         Spirit   .     (no cloak)
rCorr  .         Warding  .     r - +0 pair of gloves
rMut   .         Stasis   .     (no boots)
MR     .....                    (no amulet)
Stlth  ..........               (no ring)
                                n - ring of magical power

@: not resistant to hostile enchantments, extremely unstealthy
A: no food or potions, fire vulnerability, cold resistance 1, negative energy
resistance 3, torment resistance, unbreathing
a: no special abilities


You were on level 5 of the Dungeon.
You were not hungry.

You visited 1 branch of the dungeon, and saw 5 of its levels.

You collected 171 gold pieces.

Inventory:

Hand weapons
 a - a +2 dagger
 b - a +0 hand crossbow
 j - a +0 spear
 k - a +0 mace (weapon)
 s - a +3 dagger of distortion
 u - a +0 hammer of protection
Missiles
 d - 40 bolts
 h - 50 stones (quivered)
 l - 20 poisoned needles
 o - 41 sling bullets
 p - 4 needles of sleeping
Armour
 e - a +0 ring mail
 i - a +0 chain mail
 q - a cursed +0 plate armour (worn)
 r - a +0 pair of gloves (worn)
Jewellery
 n - a ring of magical power (left hand)
Magical devices
 t - a wand of fireball (7)
Scrolls
 c - a scroll of fear
 f - 2 scrolls of noise
 g - a scroll of magic mapping
 m - 2 scrolls of random uselessness


   Skills:
 + Level 4.1 Fighting
 - Level 1.0 Maces & Flails
 - Level 0.1 Crossbows
 + Level 5.3 Armour
 - Level 1.0 Stealth
 - Level 1.0 Evocations


You had 4 spell levels left.
You didn't know any spells.

Dungeon Overview and Level Annotations

Branches:
Dungeon (5/15)
 Temple: D:4-7

Altars:

Annotations:
D:3 4 exclusions


Innate Abilities, Weirdness & Mutations

You do not eat or drink.
Your flesh is vulnerable to fire.
You are immune to poison.
Your flesh is cold resistant.
You are immune to negative energy.
You are immune to unholy pain and torment.
You can survive without breathing.


Message History

The iguana is almost dead.
The iguana bites you but does no damage.
You closely miss the iguana.
The iguana is almost dead.
The iguana bites you. x2
* * * LOW HITPOINT WARNING * * *
You hit the iguana but do no damage.
The iguana is almost dead.
The iguana bites you.
* * * LOW HITPOINT WARNING * * *
You hit the iguana but do no damage.
The iguana is almost dead.
The iguana bites you.
* * * LOW HITPOINT WARNING * * *
You hit the iguana but do no damage.
The iguana is almost dead.
The iguana bites you.
* * * LOW HITPOINT WARNING * * *
The iguana bites you!
You die...

....(. .....
.... ... .(
(# ###l#
#.@.#
#.>........
#...........
#...........
##....##....
##[.## ####
####


You could see an iguana.

Vanquished Creatures
  Jessica (D:3)
  A hound (D:3)
  Natasha (thrice) (D:3)
  A worker ant (D:4)
  3 adders
  A worm (D:3)
  The ghost of asdu the Ruffian, a weakling VSTm (D:3)
  An orc (D:3)
  4 bats
  2 giant cockroaches (D:1)
  9 hobgoblins
  3 jackals (D:1)
  A quokka (D:2)
  A ball python (D:3)
  6 giant newts
  7 goblins
  6 kobolds
  9 rats
60 creatures vanquished.

Notes
Turn   | Place    | Note
--------------------------------------------------------------
     0 | D:1      | Zwobot the Mummy Wanderer began the quest for the Orb.
     0 | D:1      | Zwobot set off with: a +2 dagger, a scroll of fear, a +0 hand crossbow, 28 bolts, a +0 ring mail
     0 | D:1      | Reached XP level 1. HP: 16/16 MP: 1/1
   478 | D:1      | Reached XP level 2. HP: 16/22 MP: 2/2
  1485 | D:2      | Reached XP level 3. HP: 21/28 MP: 3/3
  2156 | D:3      | Noticed asdu's ghost (weakling VSTm)
  2255 | D:3      | Killed asdu's ghost
  2341 | D:3      | Noticed Natasha
  2350 | D:3      | Killed Natasha
  2350 | D:3      | Reached XP level 4. HP: 16/35 MP: 4/4
  2906 | D:3      | Noticed Natasha
  2908 | D:3      | Killed Natasha
  2919 | D:3      | Noticed Jessica
  2922 | D:3      | Killed Jessica
  2922 | D:3      | Reached skill level 5 in Armour
  3066 | D:3      | Noticed Natasha
  3069 | D:3      | Killed Natasha
  3298 | D:3      | Reached XP level 5. HP: 42/42 MP: 5/5
  3645 | D:5      | Entered Level 5 of the Dungeon
  3661 | D:5      | Mangled by an iguana

Vault maps used:
D:1:      dpeg_arrival_connections
D:2:      first_bread
D:3:      kennysheep_nub, uniq_crazy_yiuf_cottage, uniq_natasha, uniq_jessica
D:4:      trog_eyes_of_draining, kennysheep_generic_room_6
D:5:      okawaru_ov_weapons_minmay

Action                   |  1- 3 |  4- 6 || total
-------------------------+-------+-------++-------
Melee: Dagger            |    65 |    23 ||    88
       Mace              |    45 |   111 ||   156
 Fire: Hand crossbow     |    19 |    18 ||    37
  Use: Scroll            |     3 |       ||     3
